 Dungeon Crawl Stone Soup version 0.18.1-48-g4cf74bf (webtiles) character file.

267 Heedrag the Conjurer (level 6, -2/32 HPs)
             Began as a Deep Elf Conjurer on Aug 14, 2016.
             Killed by nerve-wracking pain
             ... invoked by Grinder
              (14 damage)
             ... on level 3 of the Dungeon.
             The game lasted 00:09:28 (2720 turns).

Heedrag the Conjurer (Deep Elf Conjurer)            Turns: 2720, Time: 00:09:29

Health: -2/32      AC:  3    Str:  7    XL:     6   Next: 0%
Magic:  15/15      EV:  8    Int: 20    God:
Gold:   225        SH:  0    Dex: 15    Spells: 3 memorised, 5 levels left

rFire  . . .     SeeInvis .     n - +0 club (curse)
rCold  . . .     Gourm    .     a - +0 robe
rNeg   . . .     Faith    .     (no shield)
rPois  .         Spirit   .     y - +0 helmet
rElec  .         Dismiss  .     (no cloak)
rCorr  .         Reflect  .     (no gloves)
SustAt .         Harm     .     (no boots)
MR     .....                    (no amulet)
Stlth  ++........               (no ring)
                                (no ring)

@: not resistant to hostile enchantments, unstealthy
A: no striking features
a: no special abilities


You were on level 3 of the Dungeon.
You were not hungry.

You visited 1 branch of the dungeon, and saw 5 of its levels.

You collected 225 gold pieces.

Inventory:

Hand Weapons
 n - a cursed +0 club (weapon)
Armour
 a - a +0 robe (worn)
 s - a +0 shield
 y - a +0 helmet (worn)
Scrolls
 d - 2 scrolls of recharging {unknown}
 e - a scroll of blinking {unknown}
 g - a scroll of teleportation {unknown}
 h - a scroll of magic mapping {unknown}
 k - 2 scrolls of identify {unknown}
 m - a scroll of enchant armour {unknown}
 t - a scroll of remove curse {unknown}
 x - a scroll of enchant weapon {unknown}
 z - a scroll of amnesia {unknown}
Potions
 f - 2 potions of cancellation {unknown}
 i - a potion of mutation {unknown}
 j - 2 potions of brilliance {unknown}
 l - a potion of resistance {unknown}
 o - 2 potions of heal wounds {unknown}
 r - 2 potions of beneficial mutation {unknown}
 u - 2 potions of curing {unknown}
 w - a potion of degeneration {unknown}
 A - a potion of might {unknown}
Books
 b - a book of Conjurations

   Spells                             Type                      Level
   a - Magic Dart                     Conjuration                  1
   b - Searing Ray                    Conjuration                  2
   c - Dazzling Spray                 Conjuration/Hexes            3
   d - Fulminant Prism                Conjuration/Hexes            4
   e - Iskenderun's Mystic Blast      Conjuration                  4
   f - Iskenderun's Battlesphere      Conjuration/Charms           5
 v - a Fen Folio

   Spells                             Type                      Level
   a - Corpse Rot                     Necromancy                   2
   b - Stone Arrow                    Conjuration/Earth            3
   c - Leda's Liquefaction            Hexes/Earth                  4
   d - Summon Forest                  Summoning/Translocation      5
   e - Hydra Form                     Transmutation                6
   f - Summon Hydra                   Summoning                    7
 B - a book of Unlife

   Spells                             Type                      Level
   a - Recall                         Summoning/Translocation      3
   b - Animate Dead                   Necromancy                   4
   c - Control Undead                 Necromancy                   4
   d - Cigotuvi's Embrace             Necromancy                   5
   e - Death Channel                  Necromancy                   6
   f - Simulacrum                     Ice/Necromancy               6
Comestibles
 c - 3 bread rations
 p - a slice of pizza
 q - 5 fruits


   Skills:
 - Level 2.4 Dodging
 - Level 2.4 Stealth
 + Level 5.3 Spellcasting
 * Level 7.0 Conjurations
 + Level 0.8 Charms


You had 5 spell levels left.
You knew the following spells:

 Your Spells              Type           Power        Failure   Level  Hunger
a - Magic Dart            Conj           ####         1%          1    None
b - Iskenderun's Mystic   Conj           ####....     10%         4    ####...
c - Iskenderun's Battles  Conj/Chrm      ###.....     71%         5    #####..


Dungeon Overview and Level Annotations

Branches:
Dungeon (5/15)
 Temple: D:4-7

Altars:

Shops:
D:4 }[=

Annotations:
D:2 Sigmund, Terence
D:3 Grinder; Heedrag's ghost, amateur DECj
D:4 Heedrag's ghost, amateur DECj


Message History

Heedrag's ghost be moderately damaged.
Grinder gestures at ye.
Ye sudd'nly lose tha ability ta move!
Heedrag's ghost casts a spell at ye.
Tha orb o' energy hits ye!
Heedrag's ghost shouts, "Ye must na succeed where I failed!"
Ye can move again.
Grinder blinks!
Grinder closely misses ye.
Heedrag's ghost casts a spell at ye.
Tha magic dart hits ye!
Grinder blinks!
Grinder gestures at ye.
Pain shoots through yer body!
Grinder blinks!
Grinder says, "FISH!"
Thar be a stone staircase leadin' down 'ere.
Grinder gestures at ye.
Pain shoots through yer body!
Ye die...

#####(..##.#.# #.#.# #.#
...#.........# #.#.# #.#
##.##...##.#.## #.#.######.###
#............# #.#..........####
#########....# #.########..>...#
#....# #...............#
######....# ########........#
#####....#....############......#
.........#....#.@..............[#
.............W#.5.........#.....#
.........#....#W................#
.........+......................#
.........#.................##..##
.........#.................##....
......########.............##.###
......# #.............#.#.#.
###'### #.##.########.......


You could see Grinder and Heedrag's ghost.

Vanquished Creatures
  Menkaure (D:4)
  An iguana (D:3)
  A centaur skeleton (D:4)
  A howler monkey skeleton (D:4)
  3 adders
  3 dart slugs (D:1)
  5 giant cockroaches
  3 hobgoblins (D:1)
  11 jackals (D:1)
  2 quokkas
  2 ball pythons
  4 bats
  5 giant newts
  5 goblins
  4 kobolds
  A quokka skeleton (D:4)
  7 rats
59 creatures vanquished.

Notes
Turn   | Place    | Note
--------------------------------------------------------------
     0 | D:1      | Heedrag the Deep Elf Conjurer began the quest for the Orb.
     0 | D:1      | Reached XP level 1. HP: 10/10 MP: 6/6
   278 | D:1      | Reached XP level 2. HP: 15/15 MP: 0/8
   473 | D:1      | Reached skill level 5 in Conjurations
   799 | D:1      | Reached XP level 3. HP: 5/19 MP: 0/10
  1398 | D:2      | Noticed Terence
  1426 | D:2      | You fall through a shaft!
  1509 | D:3      | Reached XP level 4. HP: 23/24 MP: 1/12
  1587 | D:3      | Learned a level 4 spell: Iskenderun's Mystic Blast
  1613 | D:2      | Noticed Sigmund
  1669 | D:3      | Noticed Grinder
  1713 | D:3      | Noticed Heedrag's ghost (amateur DECj)
  1800 | D:4      | Found Dyrerylu's Jewellery Emporium.
  1877 | D:4      | Found Kergh's Antique Armour Boutique.
  1920 | D:4      | Reached skill level 6 in Conjurations
  1954 | D:4      | Noticed Heedrag's ghost (amateur DECj)
  2005 | D:4      | Found Qesicysask's Gadget Boutique.
  2024 | D:4      | Noticed Menkaure
  2031 | D:4      | Killed Menkaure
  2031 | D:4      | Reached skill level 5 in Spellcasting
  2031 | D:4      | Reached XP level 5. HP: 24/28 MP: 5/14
  2050 | D:5      | Entered Level 5 of the Dungeon
  2307 | D:5      | Learned a level 5 spell: Iskenderun's Battlesphere
  2313 | D:5      | Noticed a centaur
  2314 | D:5      | Noticed an ogre
  2599 | D:3      | Reached skill level 7 in Conjurations
  2599 | D:3      | Reached XP level 6. HP: 32/32 MP: 8/15
  2700 | D:3      | Paralysed by Grinder for 5 turns
  2720 | D:3      | Killed from afar by Grinder

Skill      XL: |  1  2  3  4  5 |
---------------+----------------+-----
Conjurations   | 5 6 7 |  7.0
Spellcasting   | 4 5 |  5.3
Dodging        | |  2.4
Stealth        | |  2.4
Charms         | |  0.8

Action                   |  1- 3 |  4- 6 || total
-------------------------+-------+-------++-------
Melee: Unarmed           |    11 |       ||    11
       Club              |     4 |     5 ||     9
 Cast: Magic Dart        |   113 |    47 ||   160
  Eat: Chunk             |     2 |     3 ||     5
Armor: Robe              |     6 |     3 ||     9
Dodge: Dodged            |    54 |    20 ||    74
